ESL (28 & UNDER)
RIO GRANDE RATTLESNAKE @ WILMINGTON REBELS
09/24/2025
 
TOP OF THE 1ST
Rio Grande Rattlesnake batting - Pitching for Wilmington Rebels : RHP Kip Brown
Pitching: RHP Kip Brown
Batting: RHB Javier Rentería 0-0: Called Strike
0-1: Ground out 6-3 (Groundball, 6M)
Batting: RHB Luis Sánchez 0-0: Ball
1-0: Called Strike
1-1: Fly out, F9 (Flyball, 9M)
Batting: SHB Douglas Taylor 0-0: Ball
1-0: Called Strike
1-1: SINGLE (Groundball, 25) (infield hit)
Batting: SHB Carlos Reyes 0-0: Called Strike
0-1: Foul Ball, location: 2F
0-2: SINGLE (Line Drive, 7S)
Douglas Taylor to second
Batting: SHB Giancarlo Giannini 0-0: Ball
1-0: Ball
Wild Pitch!
Douglas Taylor to third
Carlos Reyes to second
2-0: Foul Ball, location: 2F
2-1: Called Strike
2-2: Ball
3-2: Base on Balls
Batting: RHB Jeff Bane 0-0: Called Strike
0-1: Called Strike
0-2: Ground out 3-1 (Groundball, 34)
Top of the 1st over - 0 run(s), 2 hit(s), 0 error(s), 3 left on base; Rio Grande 0 - Wilmington 0
BOTTOM OF THE 1ST
Wilmington Rebels batting - Pitching for Rio Grande Rattlesnake : RHP Alfonso Luna
Pitching: RHP Alfonso Luna
Batting: RHB Shawn Marshall 0-0: Called Strike
0-1: Foul Ball, location: 2F
0-2: Ball
1-2: Fly out, F3 (Popup, 3SF)
Batting: RHB Jeff Jones 0-0: Ball
1-0: Swinging Strike
1-1: Ball
2-1: Fly out, F4 (Popup, 4M)
Batting: LHB Dave Watson 0-0: Called Strike
0-1: Ball
1-1: Ball
2-1: Fly out, F7 (Flyball, 78S)
Bottom of the 1st over - 0 run(s), 0 hit(s), 0 error(s), 0 left on base; Rio Grande 0 - Wilmington 0
TOP OF THE 2ND
Rio Grande Rattlesnake batting - Pitching for Wilmington Rebels : RHP Kip Brown
Batting: SHB Brian Moyer 0-0: Ball
1-0: Ball
2-0: Ball
3-0: Base on Balls
Batting: RHB Luis Ibarra 0-0: SINGLE (Line Drive, 56)
Brian Moyer to second
Batting: RHB Paul Martin 0-0: Foul Ball, location: 2F
0-1: Fly out, F4 (Line Drive, 4MD)
Batting: RHB Javier Rentería 0-0: Ball
1-0: SINGLE (Groundball, 3D)
Brian Moyer to third
Luis Ibarra to second
Runner from 3rd tries for Home, SAFE, no throw or cutoff
Batting: RHB Luis Sánchez 0-0: Called Strike
0-1: Ball
1-1: Ball
2-1: Ball
3-1: Base on Balls
Luis Ibarra to third
Javier Rentería to second
Batting: SHB Douglas Taylor 0-0: Called Strike
0-1: Ball
1-1: SINGLE (Groundball, 3L)
Luis Ibarra scores
Javier Rentería to third
Luis Sánchez to second
Runner from 3rd tries for Home, SAFE, no throw or cutoff
Batting: SHB Carlos Reyes 0-0: Ball
1-0: Swinging Strike
1-1: Ball
2-1: Fly out, F9 (Flyball, 89D)
Runner from 2nd tags up, SAFE at 3rd, no throw
Batting: SHB Giancarlo Giannini 0-0: Called Strike
0-1: Called Strike
0-2: Strikes out swinging
Top of the 2nd over - 3 run(s), 3 hit(s), 0 error(s), 2 left on base; Rio Grande 3 - Wilmington 0
BOTTOM OF THE 2ND
Wilmington Rebels batting - Pitching for Rio Grande Rattlesnake : RHP Alfonso Luna
Batting: RHB Stephen Cochran 0-0: Ball
1-0: Swinging Strike
1-1: Swinging Strike
1-2: Ball
2-2: Strikes out looking
Batting: RHB Vicente Valentín 0-0: Ball
1-0: Foul Ball, location: 2F
1-1: Foul Ball, location: 2F
1-2: Foul Ball, location: 2F
1-2: Strikes out looking
Batting: RHB Carlos Ordóñez 0-0: Ball
1-0: Ball
2-0: Fly out, F8 (Flyball, 8LXD)
Bottom of the 2nd over - 0 run(s), 0 hit(s), 0 error(s), 0 left on base; Rio Grande 3 - Wilmington 0
TOP OF THE 3RD
Rio Grande Rattlesnake batting - Pitching for Wilmington Rebels : RHP Kip Brown
Batting: RHB Jeff Bane 0-0: Ball
1-0: Ground out 4-3 (Groundball, 4)
Batting: SHB Brian Moyer 0-0: Called Strike
0-1: Ball
1-1: Fly out, F6 (Popup, 6D)
Batting: RHB Luis Ibarra 0-0: Foul Ball, location: 2F
0-1: Ball
1-1: SINGLE (Line Drive, 4D)
Batting: RHB Paul Martin 0-0: Called Strike
Luis Ibarra steals 2nd base
0-1: Ball
1-1: Ball
2-1: Ball
3-1: Called Strike
3-2: Foul Ball, location: 2F
3-2: Base on Balls
Batting: LHB Luis Villa 0-0: Ball
1-0: Fly out, F4 (Popup, 4MS)
Top of the 3rd over - 0 run(s), 1 hit(s), 0 error(s), 2 left on base; Rio Grande 3 - Wilmington 0
BOTTOM OF THE 3RD
Wilmington Rebels batting - Pitching for Rio Grande Rattlesnake : RHP Alfonso Luna
Now in CF: Luis Villa
Batting: RHB Octávio Marín 0-0: Called Strike
0-1: Fly out, F9 (Flyball, 89M)
Batting: LHB Chandler Hubbard 0-0: Ball
1-0: Called Strike
1-1: Ball
2-1: Ball
3-1: Foul Ball, location: 2F
3-2: Base on Balls
Batting: RHB Enrico Bonizo 0-0: Called Strike
0-1: Ball
1-1: Swinging Strike
1-2: Strikes out swinging
Batting: RHB Shawn Marshall 0-0: Called Strike
0-1: Swinging Strike
0-2: Strikes out swinging
Bottom of the 3rd over - 0 run(s), 0 hit(s), 0 error(s), 1 left on base; Rio Grande 3 - Wilmington 0
TOP OF THE 4TH
Rio Grande Rattlesnake batting - Pitching for Wilmington Rebels : RHP Kip Brown
Batting: RHB Luis Sánchez 0-0: Foul Ball, location: 2F
0-1: Ball
1-1: Ball
2-1: Foul Ball, location: 2F
2-2: Foul Ball, location: 2F
2-2: Fly out, F8 (Flyball, 8RM)
Batting: SHB Douglas Taylor 0-0: Called Strike
0-1: Reached on error, E5 (Groundball, 56S)
Batting: SHB Carlos Reyes 0-0: SINGLE (Groundball, 34D)
Douglas Taylor to third
Batting: SHB Giancarlo Giannini 0-0: Ball
1-0: Foul Ball, location: 2F
1-1: Foul Ball, location: 2F
1-2: Fly out, F8 (Flyball, 8LXD)
Runner from 3rd tags up, SCORES, no throw
Batting: RHB Jeff Bane 0-0: Fly out, F6 (Popup, 6)
Top of the 4th over - 1 run(s), 1 hit(s), 1 error(s), 1 left on base; Rio Grande 4 - Wilmington 0
BOTTOM OF THE 4TH
Wilmington Rebels batting - Pitching for Rio Grande Rattlesnake : RHP Alfonso Luna
Batting: RHB Jeff Jones 0-0: Foul Ball, location: 2F
0-1: Swinging Strike
0-2: Foul Ball, location: 2F
0-2: Ball
1-2: Strikes out swinging
Batting: LHB Dave Watson 0-0: Foul Ball, location: 2F
0-1: Called Strike
0-2: Ball
1-2: DOUBLE (Flyball, 78XD)
Batting: RHB Stephen Cochran 0-0: Ball
1-0: Foul Ball, location: 2F
1-1: Swinging Strike
1-2: Strikes out swinging
Batting: RHB Vicente Valentín 0-0: Foul Ball, location: 2F
0-1: Foul Ball, location: 2F
0-2: Fly out, F8 (Flyball, 8RD)
Bottom of the 4th over - 0 run(s), 1 hit(s), 0 error(s), 1 left on base; Rio Grande 4 - Wilmington 0
TOP OF THE 5TH
Rio Grande Rattlesnake batting - Pitching for Wilmington Rebels : RHP Kip Brown
Batting: SHB Brian Moyer 0-0: Swinging Strike
0-1: SINGLE (Line Drive, 8LS)
Batting: RHB Luis Ibarra 0-0: Fielders Choice at 2nd, 6-4 (Groundball, 6)
Batting: RHB Paul Martin 0-0: Ball
1-0: Ball
2-0: 2-RUN HOME RUN (Flyball, 7D), Distance : 385 ft
Batting: LHB Luis Villa 0-0: Called Strike
0-1: Ball
1-1: Ball
2-1: Called Strike
2-2: SOLO HOME RUN (Line Drive, 89XD), Distance : 395 ft
Pitching: RHP Manuel Ferreira
Batting: RHB Luis Sánchez 0-0: SINGLE (Line Drive, 7LM)
Batting: SHB Douglas Taylor 0-0: Called Strike
0-1: SINGLE (Line Drive, 6D)
Luis Sánchez to second
Batting: SHB Carlos Reyes 0-0: Called Strike
0-1: Foul Ball, location: 2F
0-2: Ball
1-2: Ball
2-2: Ball
3-2: Fly out, F5 (Popup, 7LSF)
Batting: SHB Giancarlo Giannini 0-0: Fly out, F8 (Flyball, 8RD)
Top of the 5th over - 3 run(s), 5 hit(s), 0 error(s), 2 left on base; Rio Grande 7 - Wilmington 0
BOTTOM OF THE 5TH
Wilmington Rebels batting - Pitching for Rio Grande Rattlesnake : RHP Alfonso Luna
Batting: RHB Carlos Ordóñez 0-0: Foul Ball, location: 2F
0-1: Fly out, F7 (Flyball, 78M)
Batting: RHB Octávio Marín 0-0: Called Strike
0-1: Called Strike
0-2: SOLO HOME RUN (Flyball, 9D), Distance : 386 ft
Batting: LHB Chandler Hubbard 0-0: Called Strike
0-1: Swinging Strike
0-2: Strikes out swinging
Batting: RHB Enrico Bonizo 0-0: Ball
1-0: Called Strike
1-1: SINGLE (Groundball, 56) (infield hit)
Batting: RHB Shawn Marshall 0-0: Called Strike
Enrico Bonizo steals 2nd base
0-1: Ball
1-1: Swinging Strike
1-2: Strikes out swinging
Bottom of the 5th over - 1 run(s), 2 hit(s), 0 error(s), 1 left on base; Rio Grande 7 - Wilmington 1
TOP OF THE 6TH
Rio Grande Rattlesnake batting - Pitching for Wilmington Rebels : RHP Manuel Ferreira
Batting: RHB Jeff Bane 0-0: Ground out 1-3 (Groundball, 13)
Batting: SHB Brian Moyer 0-0: Ball
1-0: Ground out U3 (Groundball, 3)
Batting: RHB Luis Ibarra 0-0: Ball
1-0: Called Strike
1-1: Ball
2-1: Ball
3-1: Foul Ball, location: 2F
3-2: Base on Balls
Batting: RHB Paul Martin 0-0: Foul Ball, location: 2F
0-1: Fly out, F7 (Flyball, 7D)
Top of the 6th over - 0 run(s), 0 hit(s), 0 error(s), 1 left on base; Rio Grande 7 - Wilmington 1
BOTTOM OF THE 6TH
Wilmington Rebels batting - Pitching for Rio Grande Rattlesnake : RHP Alfonso Luna
Batting: RHB Jeff Jones 0-0: Called Strike
0-1: Called Strike
0-2: Ground out 6-3 (Groundball, 6M)
Batting: LHB Dave Watson 0-0: Called Strike
0-1: Ground out 4-3 (Groundball, 4)
Batting: RHB Stephen Cochran 0-0: Called Strike
0-1: Ground out 6-3 (Groundball, 6M)
Bottom of the 6th over - 0 run(s), 0 hit(s), 0 error(s), 0 left on base; Rio Grande 7 - Wilmington 1
TOP OF THE 7TH
Rio Grande Rattlesnake batting - Pitching for Wilmington Rebels : RHP Manuel Ferreira
Batting: LHB Luis Villa 0-0: Called Strike
0-1: Called Strike
0-2: Ball
1-2: Ball
2-2: Ball
3-2: Foul Ball, location: 2F
3-2: Foul Ball, location: 2F
3-2: Base on Balls
Batting: RHB Luis Sánchez Balk!
Luis Villa to second
0-0: Swinging Strike
0-1: DOUBLE (Groundball, 5D)
Luis Villa scores
Batting: SHB Douglas Taylor 0-0: Ball
1-0: SINGLE (Groundball, 56D)
Luis Sánchez to third
Pitching: RHP Porter Warren
Batting: SHB Carlos Reyes 0-0: Called Strike
0-1: Ball
1-1: Called Strike
1-2: Strikes out swinging
Batting: SHB Giancarlo Giannini 0-0: Called Strike
Douglas Taylor steals 2nd base
0-1: Foul Ball, location: 2F
0-2: Ball
1-2: Fly out, F9 (Flyball, 9M)
Runner from 3rd tags up, SCORES, throw made
Batting: RHB Jeff Bane 0-0: Called Strike
0-1: Ball
1-1: Called Strike
1-2: SINGLE (Line Drive, 7S)
Douglas Taylor to third
Runner from 3rd tries for Home, throw and OUT!
Top of the 7th over - 2 run(s), 3 hit(s), 0 error(s), 1 left on base; Rio Grande 9 - Wilmington 1
BOTTOM OF THE 7TH
Wilmington Rebels batting - Pitching for Rio Grande Rattlesnake : RHP Alfonso Luna
Batting: RHB Vicente Valentín 0-0: Foul Ball, location: 2F
0-1: Ball
1-1: Ball
2-1: Ball
3-1: Base on Balls
Batting: RHB Carlos Ordóñez 0-0: Called Strike
0-1: Grounds into double play, 6-4-3 (Groundball, 6)
Batting: RHB Octávio Marín 0-0: Called Strike
0-1: Ball
1-1: Ball
2-1: Foul Ball, location: 2F
2-2: Strikes out looking
Bottom of the 7th over - 0 run(s), 0 hit(s), 0 error(s), 0 left on base; Rio Grande 9 - Wilmington 1
TOP OF THE 8TH
Rio Grande Rattlesnake batting - Pitching for Wilmington Rebels : RHP Porter Warren
Batting: SHB Brian Moyer 0-0: Ball
1-0: Ball
2-0: Ball
3-0: Foul Ball, location: 2F
3-1: Swinging Strike
3-2: Foul Ball, location: 2F
3-2: Foul Ball, location: 2F
3-2: Fly out, F8 (Flyball, 8LD)
Batting: RHB Luis Ibarra 0-0: Called Strike
0-1: Fly out, F5 (Line Drive, 5L)
Batting: RHB Paul Martin 0-0: Called Strike
0-1: Ball
1-1: Called Strike
1-2: Strikes out swinging
Top of the 8th over - 0 run(s), 0 hit(s), 0 error(s), 0 left on base; Rio Grande 9 - Wilmington 1
BOTTOM OF THE 8TH
Wilmington Rebels batting - Pitching for Rio Grande Rattlesnake : RHP Alfonso Luna
Now at 1B: Christian Hudson
Batting: LHB Chandler Hubbard 0-0: Ball
1-0: Swinging Strike
1-1: Fly out, F7 (Flyball, 7LM)
Batting: RHB Enrico Bonizo 0-0: Ball
1-0: Foul Ball, location: 2F
1-1: Called Strike
1-2: Ball
2-2: SINGLE (Groundball, 5D) (infield hit)
Pitching: LHP Enrico Lozano
Batting: RHB Shawn Marshall 0-0: Ball
1-0: Ball
2-0: Ball
3-0: Base on Balls
Enrico Bonizo to second
Batting: RHB Jeff Jones 0-0: Ball
1-0: Foul Ball, location: 2F
1-1: Ball
2-1: Grounds into double play, 6-4-3 (Groundball, 6)
Bottom of the 8th over - 0 run(s), 1 hit(s), 0 error(s), 1 left on base; Rio Grande 9 - Wilmington 1
TOP OF THE 9TH
Rio Grande Rattlesnake batting - Pitching for Wilmington Rebels : RHP Porter Warren
Pitching: LHP Chu-chu Ch'oe
Batting: LHB Luis Villa 0-0: Swinging Strike
0-1: Ball
1-1: Swinging Strike
1-2: Ball
2-2: Hit by Pitch
Batting: RHB Luis Sánchez 0-0: Ball
1-0: Called Strike
Luis Villa is caught stealing 2nd base
1-1: Ball
2-1: SINGLE (Groundball, 6M)
Batting: SHB Douglas Taylor 0-0: Swinging Strike
0-1: Swinging Strike
0-2: Ball
1-2: Strikes out swinging
Batting: SHB Carlos Reyes 0-0: Foul Ball, location: 2F
0-1: Ball
Balk!
Luis Sánchez to second
1-1: Ball
2-1: Foul Ball, location: 2F
2-2: Ground out 6-3 (Groundball, 6)
Top of the 9th over - 0 run(s), 1 hit(s), 0 error(s), 1 left on base; Rio Grande 9 - Wilmington 1
BOTTOM OF THE 9TH
Wilmington Rebels batting - Pitching for Rio Grande Rattlesnake : LHP Enrico Lozano
Batting: LHB Dave Watson 0-0: Called Strike
0-1: Ball
1-1: Fly out, F7 (Flyball, 7M)
Batting: RHB Stephen Cochran 0-0: Ball
1-0: Ball
2-0: Ball
3-0: Base on Balls
Batting: RHB Vicente Valentín 0-0: Swinging Strike
0-1: Foul Ball, location: 2F
0-2: Fly out, F8 (Flyball, 78M)
Batting: RHB Carlos Ordóñez 0-0: Called Strike
0-1: Swinging Strike
0-2: Strikes out swinging
Bottom of the 9th over - 0 run(s), 0 hit(s), 0 error(s), 1 left on base; Rio Grande 9 - Wilmington 1
This league is powered by Out of the Park Baseball, the baseball management simulation game for PC, Mac and Linux
Tuesday, August 2nd, 2016 - OOTP Baseball 16.8 Build 38